[Event "Early-Titled-Tuesday-Blitz-March-12-2024"]
[Site "Chess.com"]
[Date "2024.03.12"]
[Round "2"]
[White "Lady_Nika"]
[Black "Resignify"]
[Result "1-0"]
[WhiteElo "2533"]
[BlackElo "2260"]
[TimeControl "180+1"]
[EndTime "8:17:04 PDT"]
[Termination "Lady_Nika won by resignation"]

1. g4 d6 2. h3 c6 3. Bg2 e5 4. e4 Nd7 5. d3 Be7 6. Nc3 Bg5 7. Bxg5 Qxg5 8. Qd2 Qxd2+ 9. Kxd2 Ne7 10. Nge2 Ng6 11. Rhf1 Nc5 12. f4 exf4 13. Nxf4 Nxf4 14. Rxf4 Ne6 15. Rf2 O-O 16. Ne2 Bd7 17. Raf1 Rae8 18. c4 c5 19. Ng3 Nd4 20. Kc3 b6 21. a3 a5 22. b4 axb4+ 23. axb4 Nc6 24. b5 Ne5 25.
Ra2 Ra8 26. Rfa1 Rxa2 27. Rxa2 Rb8 28. Ne2 Kf8 29. Nf4 Be6 30. Ra7 h6 31. Bf1 Ke8 32. Nxe6 fxe6 33. Rxg7 Kf8 34. Ra7 Ke8 35. Be2 Nd7 36. h4 Ke7 37. d4 cxd4+ 38. Kxd4 Rc8 39. Bf3 Rf8 40. Be2 Rf2 41. Ke3 Rh2 42. h5 Rg2 43. Bf3 Rg1 44. e5 dxe5 45. Bc6 Rd1 46. Bxd7 Rxd7 47.
Rxd7+ Kxd7 48. g5 hxg5 49. h6 1-0

[Event "Early-Titled-Tuesday-Blitz-March-12-2024"]
[Site "Chess.com"]
[Date "2024.03.12"]
[Round "2"]
[White "Smoking_Crow"]
[Black "DrRiebert"]
[Result "0-1"]
[WhiteElo "2579"]
[BlackElo "2391"]
[TimeControl "180+1"]
[EndTime "8:17:06 PDT"]
[Termination "DrRiebert won by resignation"]

1. e4 c5 2. Nf3 Nc6 3. d4 cxd4 4. Nxd4 g6 5. Nc3 Bg7 6. Be3 Nf6 7. Bc4 d6 8. f3 Qb6 9. Nf5 Qxb2 10. Nxg7+ Kf8 11. Kd2 Kxg7 12. a3 Na5 13. Ba2 Be6 14. Bxe6 fxe6 15. Qe2 Nb3+ 16. Kd3 Nxa1 17. Rb1 Qxc2+ 18.
Qxc2 Nxc2 19. Kxc2 b6 20. Kd3 Rhc8 21. Bd4 e5 22.
Be3 Rc6 23. Ne2 Rac8 24. Rb2 Nd7 25. Kd2 Nc5 26. Nc3 Kf7 27. Nd5 Na4 28. Rb4 Rc2+ 29.
Kd3 Nb2+ 30. Rxb2 Rxb2 31. Bg5 e6 32. Nb4 a5 33. Na6 Rb3+ 34. Kd2 b5 35. Be3 Rxa3 36.
Bb6 b4 37. Nc7 Ra2+ 38. Kd3 a4 39. Nb5 Rc6 40. Ba5 b3 41. Bc3 b2 42. Kc2 a3 0-1

[Event "Early-Titled-Tuesday-Blitz-March-12-2024"]
[Site "Chess.com"]
[Date "2024.03.12"]
[Round "2"]
[White "DamianoLew95"]
[Black "zenitushka"]
[Result "1-0"]
[WhiteElo "2759"]
[BlackElo "2270"]
[TimeControl "180+1"]
[EndTime "8:17:11 PDT"]
[Termination "DamianoLew95 won by resignation"]

1. e4 e6 2. d4 d5 3. e5 c5 4. c3 Qb6 5. Nf3 Bd7 6. Bd3 Bb5 7.
h4 Bxd3 8. Qxd3 Nc6 9. h5 cxd4 10.
cxd4 h6 11. Nc3 Nge7 12. O-O Nf5 13. Rd1 Be7 14. Nxd5 exd5 15. Qxf5 O-O 16. b3 Rac8 17. Be3 Nb4 18. Rd2 Rc6 19. a3 Na6 20. b4 Nc7 21.
Kh2 Ne6 22. g4 Rfc8 23. Rg1 Rc3 24. g5 hxg5 25. Nxg5 Bxg5 26. Bxg5 Rxa3 27. Bf6 Rcc3 28. Rg4 Rf3 29. Rxg7+ Nxg7 30. Qg5 Kf8 31. Qxg7+ Ke8 32. Qg8+ Kd7 33. Qxf7+ Kc6 34. Qe8+ Kc7 35. Bd8+ 1-0

[Event "Early-Titled-Tuesday-Blitz-March-12-2024"]
[Site "Chess.com"]
[Date "2024.03.12"]
[Round "2"]
[White "MaxLeto"]
[Black "JSPrepz"]
[Result "1-0"]
[WhiteElo "2474"]
[BlackElo "2842"]
[TimeControl "180+1"]
[EndTime "8:17:11 PDT"]
[Termination "MaxLeto won by resignation"]

1. g4 e5 2. Bg2 d5 3. d4 e4 4. c4 c6 5. Nc3 dxc4 6. h3 h5 7. g5 h4 8. Bxe4 Ne7 9. Nf3 g6 10. Ne5 Bg7 11. Bf4 O-O 12. e3 Nf5 13. Nxc4 Re8 14.
Qf3 Be6 15. Ne5 Qa5 16. Ng4 Nd7 17. a3 c5 18. d5 Bxc3+ 19. bxc3 Qxc3+ 20. Kf1 Qxa1+ 21. Kg2 Qg7 22. dxe6 Rxe6 23. Bxf5 gxf5 24. Nh2 Ne5 25. Qxb7 Rae8 26. Rd1 Ng6 27. Rd7 c4 28. Nf3 c3 29.
Nd4 Nxf4+ 30. exf4 Qxd4 31. Rxd4 Re2 32. Rc4 Rc2 33.
Qc6 Ree2 34. Qc8+ Kg7 35. Qc5 Rcd2 36. Rxc3 Rd1 37. Re3 Rxe3 38. fxe3 Rd2+ 39. Kf3 Rd1 40. Qxf5 Rg1 41. Qf6+ Kg8 42. Qh6 Rg3+ 43. Ke4 Rxh3 44. f5 Rg3 45. f6 Rg4+ 46. Kf5 Rxg5+ 47. Kxg5 1-0

[Event "Early-Titled-Tuesday-Blitz-March-12-2024"]
[Site "Chess.com"]
[Date "2024.03.12"]
[Round "2"]
[White "CSB7"]
[Black "Zheenbekov86"]
[Result "1-0"]
[WhiteElo "2776"]
[BlackElo "2440"]
[TimeControl "180+1"]
[EndTime "8:17:13 PDT"]
[Termination "CSB7 won on time"]

1. e4 d6 2. d4 g6 3. Nc3 Bg7 4. f4 c6 5. Nf3 d5 6. e5 Nh6 7. Bd3 O-O 8. O-O f6 9. Ne2 Na6 10. c3 c5 11. a3 b6 12. h3 Nc7 13. g4 Ba6 14. Bxa6 Nxa6 15. Ng3 fxe5 16. fxe5 Nf7 17. Kg2 Nb8 18. Be3 cxd4 19. cxd4 Nc6 20. Rc1 Rc8 21.
Ne2 Qd7 22. Nf4 Nfd8 23. Ng5 e6 24. Qd3 Bh6 25. h4 Bxg5 26. hxg5 Qe7 27. Nxg6 hxg6 28. Qxg6+ Qg7 29. Rxf8+ Kxf8 30. Rf1+ Kg8 31. Qe8+ Kh7 32. Rh1+ 1-0

[Event "Early-Titled-Tuesday-Blitz-March-12-2024"]
[Site "Chess.com"]
[Date "2024.03.12"]
[Round "2"]
[White "HATilay"]
[Black "Chessdude1987"]
[Result "1-0"]
[WhiteElo "2703"]
[BlackElo "2403"]
[TimeControl "180+1"]
[EndTime "8:17:13 PDT"]
[Termination "HATilay won on time"]

1. e4 e6 2. d4 d5 3. e5 c5 4. c3 Nc6 5. Nf3 Qb6 6. a3 f6 7.
Bd3 fxe5 8. dxe5 Nh6 9. Bxh6 gxh6 10. b4 c4 11. Bc2 Bg7 12. O-O O-O 13. Qe2 a5 14. b5 Qxb5 15. Nbd2 Qc5 16. a4 Bd7 17. Rab1 Rab8 18. Rb5 Qe7 19. Rfb1 Be8 20. Qe3 Bg6 21. Bxg6 hxg6 22. h3 Rf5 23. Nd4 Nxd4 24.
cxd4 Rff8 25. Rxa5 Rfc8 26. Qc3 Bf8 27. Rab5 Rc6 28. a5 Ra6 29. Qc2 Qc7 30. Qxg6+ Kh8 31.
Rb6 c3 32. Nf3 c2 33. Rc1 Rc8 34. Ne1 Rxa5 35. Rxc2 Qxb6 36. Rxc8 Qb4 37. Qf6+ 1-0

[Event "Early-Titled-Tuesday-Blitz-March-12-2024"]
[Site "Chess.com"]
[Date "2024.03.12"]
[Round "2"]
[White "KetiTsatsalashvili"]
[Black "sokidze"]
[Result "0-1"]
[WhiteElo "2431"]
[BlackElo "2795"]
[TimeControl "180+1"]
[EndTime "8:17:16 PDT"]
[Termination "sokidze won by checkmate"]

1. d4 d5 2. Nf3 Nf6 3. c4 e6 4. cxd5 exd5 5. Nc3 c6 6. Bg5 h6 7. Bh4 Bf5 8. e3 Nbd7 9. Bd3 Bxd3 10. Qxd3 Be7 11. O-O O-O 12. Rab1 a5 13. Ne5 Nxe5 14. dxe5 Nd7 15. Bxe7 Qxe7 16. f4 f6 17. exf6 Nxf6 18. Rbe1 Rfe8 19. Qg6 Qc5 20. Qd3 Re7 21. Re2 Rae8 22.
Rfe1 b5 23. Qd4 Qd6 24. h3 b4 25. Na4 Ne4 26. Rc2 Qg6 27. Rec1 Ng3 28. Qd2 Re6 29. Nc5 Rxe3 30. Kh2 Ne2 31. Re1 Rxh3+ 32. gxh3 Qg3+ 33. Kh1 Qxh3# 0-1

[Event "Early-Titled-Tuesday-Blitz-March-12-2024"]
[Site "Chess.com"]
[Date "2024.03.12"]
[Round "2"]
[White "CarlosjPineror"]
[Black "temus_galaktionov"]
[Result "1-0"]
[WhiteElo "2616"]
[BlackElo "2880"]
[TimeControl "180+1"]
[EndTime "8:17:17 PDT"]
[Termination "CarlosjPineror won by resignation"]

1. e4 c6 2. d4 g6 3. c3 d6 4. Bd3 Bg7 5. h3 Nf6 6. Nf3 Nbd7 7. O-O e5 8. Re1 O-O 9. Nbd2 Qc7 10. Nf1 b6 11.
Ng3 Bb7 12. Qb3 Rae8 13. Bg5 h6 14. Be3 Kh7 15. Rad1 d5 16. dxe5 Nxe4 17. Nxe4 dxe4 18. Bxe4 Nxe5 19. Nxe5 Bxe5 20. Bf3 Bg7 21. Qc4 Qc8 22.
Rd2 c5 23. Bxb7 Qxb7 24. Red1 Re7 25. Qd5 Qc7 26. Qd6 Rfe8 27. Qxc7 Rxc7 28. Rd5 Re4 29. Rd7 Re7 30. Rd8 Bf6 31. R8d5 h5 32.
Kf1 Kg7 33. Bf4 Rc6 34. Rd7 Rce6 35. g3 a6 36. R7d6 b5 37. Be3 c4 38. a3 Be5 39.
R6d5 Kf6 40. h4 Bxg3 41. Bg5+ Kg7 42. Bxe7 1-0

[Event "Early-Titled-Tuesday-Blitz-March-12-2024"]
[Site "Chess.com"]
[Date "2024.03.12"]
[Round "2"]
[White "waltereador"]
[Black "Kielinkei"]
[Result "0-1"]
[WhiteElo "2327"]
[BlackElo "2562"]
[TimeControl "180+1"]
[EndTime "8:17:19 PDT"]
[Termination "Kielinkei won by resignation"]

1. e4 c5 2. b4 cxb4 3. a3 d5 4. exd5 Qxd5 5. Nf3 Nf6 6. axb4 g6 7. Nc3 Qd8 8. b5 Bg7 9. Bc4 O-O 10. h3 Nbd7 11. O-O Nb6 12. Bb3 Nfd5 13. Nxd5 Nxd5 14. Rb1 b6 15. Ba3 Bb7 16. Re1 Re8 17. c4 Nf4 18. d4 e5 19. dxe5 Nd3 20. Re3 Nxe5 21. Nxe5 Bxe5 22.
Qe2 Bg7 23. Re1 Rxe3 24. Qxe3 Qd7 25. c5 bxc5 26. Bxc5 a5 27. bxa6 Bxa6 28. Qe7 Qxe7 29. Rxe7 Rb8 30. Bxf7+ Kh8 31. Re8+ Rxe8 32. Bxe8 Bc4 33.
Bc6 Be6 34. g4 Bc4 35. Kg2 Be6 36. f4 Bc8 37. Kf3 Be6 38. h4 Kg8 39. Bd6 Kf7 40.
Be4 h5 41. gxh5 gxh5 42. f5 Bb3 43. Be5 Bxe5 44. Bc6 Bd1+ 45. Ke4 Bf6 46. Bd5+ Kg7 47. Kf4 Bxh4 48. Bf3 Bg5+ 49. Kxg5 Bxf3 50. Kf4 Bg4 51. Kg5 Kf7 52. f6 Bd1 53. Kf5 h4 54. Kf4 Kxf6 55. Ke3 Kg5 56. Kf2 Kg4 57. Kg2 Bf3+ 58. Kh2 h3 59. Kg1 Kg3 60. Kf1 h2 61. Ke1 h1=Q+ 62. Kd2 Qd1+ 0-1

[Event "Early-Titled-Tuesday-Blitz-March-12-2024"]
[Site "Chess.com"]
[Date "2024.03.12"]
[Round "2"]
[White "TregubovP"]
[Black "vi_pranav"]
[Result "0-1"]
[WhiteElo "2695"]
[BlackElo "3036"]
[TimeControl "180+1"]
[EndTime "8:17:20 PDT"]
[Termination "vi_pranav won by resignation"]

1. e4 e5 2. Nf3 Nc6 3. Bb5 a6 4. Ba4 Nf6 5. d4 exd4 6. O-O Be7 7. e5 Ne4 8. Nxd4 O-O 9. Nf5 d5 10. Nxe7+ Nxe7 11. c3 Nc5 12. Bc2 Bf5 13. Na3 Qd7 14.
Be3 Ne6 15. Qd2 c5 16. Rad1 Rad8 17. Bg5 Nxg5 18. Qxg5 Bxc2 19. Nxc2 h6 20. Qe3 b6 21. Rfe1 Qa4 22. Rd2 Qxa2 23. e6 Qa4 24. h3 Qc6 25. b4 Rd6 26. exf7+ Rxf7 27. bxc5 bxc5 28. Rb1 Rg6 29. f3 Nf5 30. Qd3 Nh4 31. Kh1 Qd7 32.
Rb8+ Kh7 33. Qxd5 Qxd5 34. Rxd5 Rxg2 35. Ne3 Re2 36. Ng4 Rxf3 0-1

[Event "Early-Titled-Tuesday-Blitz-March-12-2024"]
[Site "Chess.com"]
[Date "2024.03.12"]
[Round "2"]
[White "klimkoj"]
[Black "PabloZarnicki"]
[Result "0-1"]
[WhiteElo "2844"]
[BlackElo "2590"]
[TimeControl "180+1"]
[EndTime "8:17:20 PDT"]
[Termination "PabloZarnicki won on time"]

1. d4 Nf6 2. c4 e6 3. Nf3 b6 4.
Nc3 Bb4 5. Qc2 Bb7 6. e3 O-O 7.
Bd3 c5 8. O-O Bxf3 9. gxf3 cxd4 10. exd4 Nc6 11. Be3 d5 12. cxd5 exd5 13. Rac1 Bd6 14.
a3 Nh5 15. Ne2 Rc8 16. Bxh7+ Kh8 17. Bf5 Qh4 18. h3 Nxd4 19. Qxc8 Nxe2+ 20. Kh1 g6 21. Qd7 Nhg3+ 22. fxg3 Qxg3 23. f4 gxf5 24. Qxf5 Qh4 25.
Bf2 Qh6 0-1

[Event "Early-Titled-Tuesday-Blitz-March-12-2024"]
[Site "Chess.com"]
[Date "2024.03.12"]
[Round "2"]
[White "KnightmareJoker"]
[Black "LiadCuba"]
[Result "0-1"]
[WhiteElo "2210"]
[BlackElo "2512"]
[TimeControl "180+1"]
[EndTime "8:17:21 PDT"]
[Termination "LiadCuba won by resignation"]

1. e4 c5 2. Nf3 d6 3. d4 cxd4 4. Nxd4 Nf6 5. Nc3 a6 6. Be2 e5 7. Nb3 Be7 8. O-O O-O 9. Be3 Be6 10. Nd5 Nxd5 11. exd5 Bf5 12. c4 Nd7 13. a4 Rc8 14.
Nd2 Bg5 15. a5 Bxe3 16. fxe3 Qg5 17. e4 Qe3+ 18. Kh1 Bxe4 19. Ra3 Qd4 20. Nxe4 Qxe4 21. Bd3 Qd4 22. Qh5 g6 23. Qh3 Nc5 24. Be2 Ne4 25.
Raf3 f5 26. g4 Nd2 27. Rd1 Qxb2 28. Rg3 Ne4 29. Rg2 Qc3 30. Qh6 f4 31. Bd3 f3 32.
Bxe4 fxg2+ 33. Bxg2 Qxc4 34. Qe3 Qxg4 35. Re1 Rc2 36. Qg1 Rff2 37. Rf1 Rxg2 38. Rf8+ Kxf8 0-1

[Event "Early-Titled-Tuesday-Blitz-March-12-2024"]
[Site "Chess.com"]
[Date "2024.03.12"]
[Round "2"]
[White "ahkashefi2800"]
[Black "ViIIagra"]
[Result "0-1"]
[WhiteElo "2641"]
[BlackElo "2922"]
[TimeControl "180+1"]
[EndTime "8:17:25 PDT"]
[Termination "ViIIagra won on time"]

1. Nf3 d6 2. g3 e5 3. Bg2 f5 4.
O-O Nf6 5. b3 Be7 6. Bb2 O-O 7.
c4 c5 8. d3 Nc6 9. Nc3 Rb8 10.
Ne1 Qd7 11. Nc2 a6 12. Ne3 b5 13. Ned5 Bd8 14. Nxf6+ Bxf6 15. Nd5 Bd8 16. e3 a5 17. Qc2 Kh8 18. f4 Re8 19. Rae1 bxc4 20. dxc4 e4 21. Rd1 Nb4 22. Nxb4 axb4 23. Rd2 Be7 24. Rfd1 Bf8 25. Bh3 Ra8 26. Be5 Ra6 27. Kf2 Qc7 28. Ba1 Be6 29. Bf1 Rea8 30. Re1 R8a7 31. Ree2 Qc8 32. Qb1 Qa8 33. Bg2 Bf7 34. h3 Bh5 35. g4 fxg4 36. Bxe4 Qe8 37. hxg4 Bxg4 38. Qh1 h5 39. Bf3 Bxf3 40.
Qxf3 Kg8 41. Qd5+ Qf7 42. Kf3 Qxd5+ 43. cxd5 c4 44. bxc4 b3 45. Bd4 bxa2 46. Ba1 Ra3 47. Rc2 Be7 48. Ke4 Bf6 0-1

[Event "Early-Titled-Tuesday-Blitz-March-12-2024"]
[Site "Chess.com"]
[Date "2024.03.12"]
[Round "2"]
[White "VladimirKramnik"]
[Black "Jimonios"]
[Result "1-0"]
[WhiteElo "2996"]
[BlackElo "2677"]
[TimeControl "180+1"]
[EndTime "8:17:26 PDT"]
[Termination "VladimirKramnik won by resignation"]

1. e4 c5 2. Nf3 e6 3. d4 cxd4 4. Nxd4 Nf6 5. Nc3 Nc6 6. a3 d6 7. Be3 a6 8. f4 Qc7 9. Qf3 Nxd4 10. Bxd4 b5 11. Bd3 Bb7 12. O-O e5 13. Be3 Be7 14. Kh1 h5 15. fxe5 dxe5 16. Nd5 Bxd5 17. exd5 Rc8 18.
Rae1 Qd6 19. Bg5 h4 20. Qf5 Rc5 21. Qxe5 Qxe5 22. Rxe5 Kd7 23. b4 Rc7 24. Bf5+ Kd8 25. d6 Bxd6 26. Rd1 Rc6 27. Rc5 Kc7 28. Rxd6 Kxd6 29. Bf4+ Ke7 30. Rxc6 Rd8 31. Bd3 Nd5 32. Bg5+ f6 33. Bxh4 Nf4 34. h3 Nxd3 35. cxd3 Rxd3 36. Rxa6 g5 37. Bf2 Rd2 38. Bc5+ 1-0

[Event "Early-Titled-Tuesday-Blitz-March-12-2024"]
[Site "Chess.com"]
[Date "2024.03.12"]
[Round "2"]
[White "GeorgiosSouleidis"]
[Black "shimastream"]
[Result "0-1"]
[WhiteElo "2656"]
[BlackElo "2955"]
[TimeControl "180+1"]
[EndTime "8:17:27 PDT"]
[Termination "shimastream won on time"]

1. e4 e6 2. d4 d5 3. Nc3 Bb4 4. Ne2 Nf6 5. e5 Nfd7 6. a3 Be7 7. f4 c5 8. Be3 Nc6 9. dxc5 Nxc5 10.
Qd2 O-O 11. O-O-O a6 12. Nd4 Bd7 13. h4 b5 14. h5 Rb8 15. h6 g6 16. b4 Na4 17.
Nxa4 bxa4 18. c3 a5 19. Nxc6 Bxc6 20. Bd4 Qd7 21. Rh3 Rfc8 22. Kb1 Bb5 23. Ka1 Bc4 24. Rg3 axb4 25. cxb4 Qb5 26. Bd3 Rc6 27. Rc1 Rbc8 28.
Bxc4 dxc4 29. Bc3 Rd8 30. Qe1 Rc7 31. Rd1 Rcd7 32. Rxd7 Rxd7 33. f5 Qd5 34. fxg6 fxg6 35. Kb2 Bf8 36. Qe3 Qd1 37. Rf3 Qb3+ 0-1

[Event "Early-Titled-Tuesday-Blitz-March-12-2024"]
[Site "Chess.com"]
[Date "2024.03.12"]
[Round "2"]
[White "Yeritsyaan"]
[Black "mitrabhaa"]
[Result "0-1"]
[WhiteElo "2655"]
[BlackElo "2944"]
[TimeControl "180+1"]
[EndTime "8:17:27 PDT"]
[Termination "mitrabhaa won by resignation"]

1. c4 b6 2. Nc3 Bb7 3. d4 e6 4. e4 Bb4 5. Bd3 f5 6. Ne2 fxe4 7. Bc2 Nf6 8. O-O d5 9. Nf4 Qe7 10. f3 O-O 11. fxe4 dxe4 12. Be3 Nbd7 13. Qe2 e5 14. Nfd5 Bxd5 15. Nxd5 Nxd5 16. cxd5 exd4 17. Bxd4 Bc5 18. Qe3 Rxf1+ 19. Rxf1 a5 20. Kh1 Bxd4 21. Qxd4 Nc5 22.
d6 Qxd6 23. Qc4+ Kh8 24. Bxe4 Rf8 25. Rxf8+ Qxf8 26. h3 Qf6 27. Bf3 Qxb2 28. Qf7 Qa1+ 29. Kh2 Qe5+ 30. Kh1 h6 31. Bd5 Kh7 32. Qg8+ Kg6 33.
Qf7+ Kg5 34. Bf3 Ne6 35. h4+ Kxh4 36. Qh5+ Qxh5 0-1

[Event "Early-Titled-Tuesday-Blitz-March-12-2024"]
[Site "Chess.com"]
[Date "2024.03.12"]
[Round "2"]
[White "YegoryoCh"]
[Black "vaniavindy"]
[Result "1-0"]
[WhiteElo "2492"]
[BlackElo "2128"]
[TimeControl "180+1"]
[EndTime "8:17:29 PDT"]
[Termination "YegoryoCh won on time"]

1. e4 c6 2. d4 d5 3. e5 Bf5 4. c4 dxc4 5. Bxc4 Be4 6. Nf3 Bd5 7. Bd3 Bxf3 8. Qxf3 Qxd4 9. O-O e6 10. Nc3 Ne7 11. Rd1 Qb6 12. Be3 Qc7 13. Rac1 Ng6 14.
Nb5 Qa5 15. Nd6+ Bxd6 16. exd6 O-O 17. Qg3 Nd7 18. a3 Rac8 19. h4 Qh5 20. Bg5 f5 21.
Qe3 Nge5 22. f4 Ng4 23. Qxe6+ Qf7 24. Bxf5 Kh8 25. Qxd7 Qxf5 26. Qxf5 Rxf5 27. d7 Rff8 28. dxc8=Q Rxc8 29. Rd8+ Rxd8 30. Bxd8 h5 31. Re1 Kh7 32.
Re7 Kg6 33. Rxb7 Kf5 34. Rxg7 Kxf4 35. Rg5 Kg3 36. Bc7+ Kxh4 37. Rc5 a5 38. Rxc6 a4 39. Rc5 Ne3 40. Kf2 Ng4+ 41. Kf3 Nh2+ 42. Ke2 Ng4 43.
Rc4 1-0

[Event "Early-Titled-Tuesday-Blitz-March-12-2024"]
[Site "Chess.com"]
[Date "2024.03.12"]
[Round "2"]
[White "crazy_but_lazy"]
[Black "falzehope0"]
[Result "0-1"]
[WhiteElo "2690"]
[BlackElo "2426"]
[TimeControl "180+1"]
[EndTime "8:17:30 PDT"]
[Termination "falzehope0 won on time"]

1. d4 d6 2. Nf3 Nf6 3. g3 Nbd7 4. Bg2 e5 5. O-O Be7 6. c4 O-O 7. Nc3 Re8 8. e4 c6 9. h3 Qc7 10. Re1 Nf8 11. d5 c5 12. a3 Bd7 13. Be3 Qc8 14. b4 cxb4 15. axb4 Qxc4 16. Rc1 Qxb4 17. Nd2 Rec8 18.
Ne2 Ba4 19. Rxc8 Rxc8 20. Qa1 b5 21. g4 h6 22. Qa2 Rc2 23. Qa1 Rxd2 24. Bxd2 Qxd2 25.
Ng3 Ng6 26. Rc1 Nf4 27. Rc8+ Kh7 28. Bf1 Ng8 29. Qc3 Qd1 30. Qc7 b4 31. Qb8 Nf6 32.
Rh8+ Kg6 33. Qxb4 a6 34. Qb8 Bb5 35. Qc8 Nd7 36. Qg8 Bf6 37. Qh7+ Kg5 38. Qf5+ Kh4 0-1

[Event "Early-Titled-Tuesday-Blitz-March-12-2024"]
[Site "Chess.com"]
[Date "2024.03.12"]
[Round "2"]
[White "theoneandonlydaaevik"]
[Black "Alenzer"]
[Result "1-0"]
[WhiteElo "2508"]
[BlackElo "2161"]
[TimeControl "180+1"]
[EndTime "8:17:30 PDT"]
[Termination "theoneandonlydaaevik won on time"]

1. d4 d5 2. Nf3 Nf6 3. c4 e6 4. g3 c6 5. Bg2 Bb4+ 6. Nbd2 O-O 7. O-O Nbd7 8. Qc2 Re8 9. a3 Bf8 10. e4 dxe4 11. Nxe4 Nxe4 12. Qxe4 Nf6 13. Qe2 Qc7 14. Bf4 Bd6 15. Bxd6 Qxd6 16. c5 Qc7 17. Rfd1 b6 18.
Ne5 Bb7 19. Rac1 b5 20. h4 Rad8 21. h5 h6 22. f4 Nd7 23. g4 a5 24. g5 Nxe5 25. Qxe5 Qxe5 26. dxe5 hxg5 27. fxg5 Kf8 28. Rd6 Ke7 29. Rcd1 Rxd6 30. Rxd6 Rc8 31. Kf2 Rc7 32. Ke3 f6 33. exf6+ gxf6 34. g6 e5 35. Bh3 f5 36. Bxf5 1-0

[Event "Early-Titled-Tuesday-Blitz-March-12-2024"]
[Site "Chess.com"]
[Date "2024.03.12"]
[Round "2"]
[White "cthulhuuu"]
[Black "bascheyaro"]
[Result "0-1"]
[WhiteElo "2392"]
[BlackElo "2776"]
[TimeControl "180+1"]
[EndTime "8:17:33 PDT"]
[Termination "bascheyaro won by resignation"]

1. e4 e6 2. d3 d5 3. Nd2 Nf6 4.
Ngf3 c5 5. g3 Nc6 6. Bg2 Be7 7.
O-O O-O 8. e5 Nd7 9. Re1 Qc7 10.
Qe2 Nd4 11. Nxd4 cxd4 12. Nf3 Bc5 13. h4 b5 14. a4 b4 15. b3 a5 16. h5 h6 17. Bf4 Ra6 18. Qd2 Kh7 19. g4 Rc6 20. Rac1 Rg8 21. g5 Qd8 22. gxh6 gxh6 23. Bxh6 f6 24.
exf6 Qxf6 25. Bg5 Qf5 26. Qf4 Qxf4 27. Bxf4 Nf6 28. Ng5+ Kg7 29. Kh1 Nxh5 30. Be5+ Kf8 31. Bf3 Rxg5 32. Rg1 Rxe5 33. Rg6 Be7 34. Rcg1 Nf6 35.
Rh6 Ke8 36. Rg7 Rxc2 37. Rh8+ Kd7 38. Rf8 Rxf2 39. Rxf6 Re1+ 40. Rg1 Bxf6 41. Rxe1 Rxf3 0-1

[Event "Early-Titled-Tuesday-Blitz-March-12-2024"]
[Site "Chess.com"]
[Date "2024.03.12"]
[Round "2"]
[White "jodarmarlon1985"]
[Black "szachuspl"]
[Result "0-1"]
[WhiteElo "2266"]
[BlackElo "2534"]
[TimeControl "180+1"]
[EndTime "8:17:33 PDT"]
[Termination "szachuspl won by resignation"]

1. e4 e5 2. Nf3 Nc6 3. Bb5 a6 4. Ba4 Nge7 5. Nc3 Ng6 6. Bb3 Bc5 7. O-O O-O 8. Nd5 d6 9. c3 Bg4 10. h3 Be6 11. d4 Ba7 12. Bg5 Qd7 13. Re1 Na5 14.
Bc2 c6 15. Nb4 Nc4 16. b3 Na3 17. Bd3 Nb5 18. dxe5 dxe5 19. Bxb5 axb5 20. Qxd7 Bxd7 21. Be3 Bxe3 22. Rxe3 f6 23. Rd3 Be6 24. Rd6 Rfe8 25. Nd3 Rad8 26. Rxd8 Rxd8 27. Nc5 Bc8 28. b4 Nf4 29. Kf1 b6 30. Nb3 Be6 31. h4 Ra8 32. Nbd2 Rxa2 33. Rxa2 Bxa2 34. g3 Ne6 35. Ke2 h6 36.
Ke3 g5 37. hxg5 hxg5 38. Nh2 Kf7 39. Ng4 Ke7 40. Nh6 Nc7 41. Nf5+ Ke6 42. f4 c5 43. fxg5 fxg5 44. Nf3 g4 45. Nh2 Na6 46. Nxg4 cxb4 47. cxb4 Nxb4 48. Kd2 Nc6 49. Kc3 b4+ 50. Kb2 Bc4 51.
Nge3 Bd3 52. g4 Bxe4 53. Ng3 Bd3 54. g5 b5 55. Nh5 Bg6 56. Ng3 Nd4 57. Ngf1 e4 58.
Nd2 Ke5 59. Ndf1 Kf4 60. Nd1 Kxg5 61. Nfe3 Bf7 62. Nf2 Kf4 63. Nxe4 Kxe4 64. Nd1 Kd3 65. Nf2+ Ke3 66. Ng4+ Kd2 67. Ne5 Bc4 68. Nd7 Nc6 69. Nc5 Ke3 70. Kb1 Kd4 71. Kb2 Kxc5 0-1

[Event "Early-Titled-Tuesday-Blitz-March-12-2024"]
[Site "Chess.com"]
[Date "2024.03.12"]
[Round "2"]
[White "blitzking1729"]
[Black "Barmen_EV"]
[Result "1-0"]
[WhiteElo "2811"]
[BlackElo "2506"]
[TimeControl "180+1"]
[EndTime "8:17:34 PDT"]
[Termination "blitzking1729 won by checkmate"]

1. c4 f5 2. Nc3 Nf6 3. d4 d6 4. Nf3 g6 5. g3 Bg7 6. Bg2 O-O 7. O-O Qe8 8. d5 Na6 9. Nd4 Bd7 10. Rb1 Nc5 11. b4 Nfe4 12. Nxe4 Nxe4 13. Bb2 Qf7 14. f3 Nf6 15. e4 f4 16. gxf4 Nh5 17. f5 gxf5 18. f4 fxe4 19. f5 Be5 20. Ne6 Bxe6 21. dxe6 Qe8 22. Bxe5 dxe5 23. Qg4+ Kh8 24. Qxe4 Nf6 25. Qxe5 c6 26. Kh1 Rg8 27. Bf3 Qf8 28. Qf4 Rd8 29. Rbd1 Rxd1 30. Rxd1 Qg7 31. Qc7 Ng4 32.
Bxg4 Qxg4 33. Qe5+ Qg7 34. Qxg7+ Kxg7 35. Rg1+ Kf8 36.
Rxg8+ Kxg8 37. Kg2 Kg7 38. Kg3 Kf6 39. Kf4 h6 40. h3 b6 41. a4 a6 42. h4 h5 43.
Ke4 b5 44. cxb5 axb5 45. a5 Kg7 46. a6 c5 47. a7 c4 48. a8=Q c3 49. Qe8 c2 50.
Qxe7+ Kg8 51. f6 Kh8 52. Qg7# 1-0

[Event "Early-Titled-Tuesday-Blitz-March-12-2024"]
[Site "Chess.com"]
[Date "2024.03.12"]
[Round "2"]
[White "Ginzburg_Yakov"]
[Black "Roosters19"]
[Result "1-0"]
[WhiteElo "2549"]
[BlackElo "2299"]
[TimeControl "180+1"]
[EndTime "8:17:34 PDT"]
[Termination "Ginzburg_Yakov won by resignation"]

1. e4 c5 2. Nf3 Nc6 3. d4 cxd4 4. Nxd4 Nf6 5. Nc3 e5 6. Ndb5 d6 7. Bg5 a6 8. Na3 Be6 9. Nc4 b5 10. Ne3 Be7 11. Bxf6 Bxf6 12. Ncd5 Bg5 13. c3 O-O 14. h4 Bf4 15. g3 Bxe3 16. Nxe3 Ne7 17. Bh3 d5 18. Bxe6 fxe6 19. Qg4 Rf6 20. exd5 exd5 21. Rd1 d4 22. cxd4 Qa5+ 23. Kf1 Raf8 24. Rh2 Ng6 25.
h5 exd4 26. hxg6 dxe3 27. f4 h6 28. Rd7 Qa4 29. Re2 Qc4 30. Kg2 Rxg6 31. Qxg6 Qxe2+ 32. Kh3 Qxb2 33. Qe6+ Kh8 34. Qxe3 Qxa2 35. Qe5 Rf7 36. Rd8+ Kh7 37. Qe4+ g6 38. Qe8 1-0

[Event "Early-Titled-Tuesday-Blitz-March-12-2024"]
[Site "Chess.com"]
[Date "2024.03.12"]
[Round "2"]
[White "tomobeast"]
[Black "Cryptinz"]
[Result "0-1"]
[WhiteElo "2217"]
[BlackElo "2517"]
[TimeControl "180+1"]
[EndTime "8:17:34 PDT"]
[Termination "Cryptinz won by resignation"]

1. e4 e5 2. Nf3 Nc6 3. Bb5 a6 4. Bxc6 dxc6 5. O-O f6 6. d4 exd4 7. Nxd4 c5 8. Nb3 Qxd1 9. Rxd1 Bg4 10. f3 Be6 11.
Nc3 Bd6 12. Be3 b6 13. a4 O-O-O 14. a5 Kb7 15. Rd2 Ne7 16. Rad1 Bxb3 17. cxb3 b5 18. e5 fxe5 19. Ne4 Nf5 20. Bxc5 Kc6 21. b4 Rd7 22. g4 Bxc5+ 23. Nxc5 Rxd2 24. Rxd2 Nd4 25. Kf2 Rf8 26. Rd3 Ra8 27. Ke3 Rf8 28. Ke4 Kd6 29.
Rxd4+ exd4 30. Nxa6 d3 31. Kxd3 Rxf3+ 32. Ke4 Rb3 33. Kf5 Rxb2 34. g5 Rf2+ 35. Ke4 Rxh2 36. Nc5 Rh4+ 37. Ke3 Rxb4 38. Ne4+ Rxe4+ 39. Kxe4 b4 40. Kd4 c5+ 41. Kc4 Kc6 42. a6 h5 43.
gxh6 gxh6 44. a7 Kb7 45. Kxc5 b3 46. Kb4 b2 47. a8=Q+ Kxa8 48. Kc3 b1=Q 0-1

[Event "Early-Titled-Tuesday-Blitz-March-12-2024"]
[Site "Chess.com"]
[Date "2024.03.12"]
[Round "2"]
[White "Rud_Makarian"]
[Black "Goryachkina"]
[Result "1-0"]
[WhiteElo "3008"]
[BlackElo "2689"]
[TimeControl "180+1"]
[EndTime "8:17:35 PDT"]
[Termination "Rud_Makarian won by resignation"]

1. d4 Nf6 2. c4 e6 3. Nf3 d5 4.
g3 c5 5. Bg2 cxd4 6. O-O Nc6 7.
Nxd4 Bc5 8. Nb3 Bb6 9. cxd5 Nxd5 10. Nc3 O-O 11. Nxd5 exd5 12. Qxd5 Qxd5 13. Bxd5 Bg4 14.
Bf3 Bxf3 15. exf3 Nb4 16. Bd2 Nd3 17. Bc3 Rfe8 18. Rad1 Rad8 19. Rd2 f6 20. Kg2 Nc5 21. Rxd8 Rxd8 22. Nxc5 Bxc5 23. Re1 Kf7 24. f4 Rd3 25. Re4 b5 26. a4 a6 27. h4 g6 28. axb5 axb5 29.
g4 Bd6 30. f5 gxf5 31. gxf5 Rd5 32. Rd4 Rxd4 33. Bxd4 h5 34. Kf3 Bh2 35. Ke4 Ke7 36.
Kd5 Bg1 37. Kc5 1-0